 Dungeon Crawl Stone Soup version 0.28.0-49-g6dfe1f597d (webtiles) character file.

Game seed: 1155880478711081976

332 Zeld the Changer (level 6, 0/40 HPs)
             Began as an Octopode Transmuter on May 11, 2022.
             Was an Initiate of Gozag.
             Slain by a human zombie (2 damage)
             ... in an ossuary.
             The game lasted 00:05:47 (5283 turns).

Zeld the Changer (Octopode Transmuter)              Turns: 5283, Time: 00:05:48

Health: 0/40       AC:  1    Str: 11    XL:     6   Next: 52%
Magic:  4/11       EV: 13    Int: 16    God:    Gozag
Gold:   205        SH:  0    Dex: 12    Spells: 2/12 levels left

rFire   . . .      SeeInvis .     - Unarmed
rCold   . . .      Faith    .   (no shield)
rNeg    . . .      Spirit   .   (helmet restricted)
rPois   .          Reflect  .   (no amulet)
rElec   .          Harm     .   b - ring of flight
rCorr   .          Rampage  .   (no ring)
Will    .....                   (no ring)
Stlth   +++.......              (no ring)
HPRegen 0.13/turn               (no ring)
MPRegen 0.12/turn               (no ring)
                                (no ring)
                                (no ring)

@: flying, very slightly contaminated
A: almost no armour, amphibious, 8 rings, camouflage 1, gelatinous body 1,
(nimble swimmer 1), tentacles
a: Renounce Religion, Potion Petition, Call Merchant, Bribe Branch


You were in an ossuary.
You worshipped Gozag.
Gozag was aware of your devotion.
You visited 1 branch of the dungeon, and saw 5 of its levels.
You also visited: Ossuary.

You collected 224 gold pieces.
You paid 19 gold pieces to Gozag.

Inventory:

Jewellery
 b - a ring of flight (left tentacle)
Wands
 l - a wand of paralysis (7)
Scrolls
 a - 2 scrolls of fear {unknown}
 d - 3 scrolls of noise
 g - 4 scrolls of identify {unknown}
 k - a scroll of brand weapon {unknown}
Potions
 c - 2 potions of curing {unknown}
 e - a potion of degeneration {unknown}
 f - 2 potions of lignification {unknown}
 h - 2 potions of mutation {unknown}
 i - a potion of heal wounds {unknown}
 j - 2 potions of might {unknown}


   Skills:
 + Level 2.3 Fighting
 + Level 3.1 Dodging
 + Level 3.3 Stealth
 - Level 3.0 Unarmed Combat
 * Level 3.7 Spellcasting
 * Level 3.8 Transmutations


You had 2 spell levels left.
You knew the following spells:

 Your Spells              Type           Power      Damage    Failure   Level
a - Beastly Appendage     Tmut           30%        N/A       3%          1
b - Wereblood             Tmut           15%        N/A       5%          2
c - Spider Form           Tmut/Pois      9%         N/A       24%         3
d - Ice Form              Ice/Tmut       9%         N/A       63%         4

Your spell library contained the following spells:

 Spells                   Type           Power      Damage    Failure   Level
 Malign Gateway           Summ/Tloc      1%         N/A       100%        7
 Summon Horrible Things   Summ           1%         N/A       100%        8


Dungeon Overview and Level Annotations

Branches:
Dungeon (5/15)            Ossuary (1/1)
 Temple: D:4-7

Altars:
Gozag

Shops:
D:3 *

Annotations:
D:4 Dowan, Duvessa


Innate Abilities, Weirdness & Mutations

You cannot wear most types of armour.
You are amphibious.
You can wear up to eight rings at the same time.
Your skin changes colour to match your surroundings (Stealth+).
Your rubbery body absorbs attacks. (AC +1, EV +1)
((You are camouflaged when in or above water. (Stealth+)))
You have tentacles for arms and can constrict up to eight enemies at once.


Message History

A chill runs through your body! The human zombie hits you.
You closely miss the human zombie. You grab the human zombie.
You constrict the human zombie. The human zombie hits you.
You tentacle-slap the human zombie but do no damage.
You squeeze the human zombie.
The human zombie is lightly damaged.
You constrict the human zombie. The human zombie completely misses you.
Casting: Ice Form (extremely dangerous; 63% risk of failure)
Confirm with . or Enter, or press ? or * to list all spells.
The spell is extremely dangerous to miscast (63% risk of failure)!
Continue anyway?
You miscast Ice Form.
You shiver with cold!
* * * LOW HITPOINT WARNING * * *
You constrict the human zombie.
Unknown command.
You tentacle-slap the human zombie.
The human zombie is lightly damaged.
You constrict the human zombie. The human zombie hits you.
* * * LOW HITPOINT WARNING * * *
You tentacle-slap the human zombie.
The human zombie is moderately damaged.
You constrict the human zombie. The human zombie misses you.
You tentacle-slap the human zombie. You squeeze the human zombie!
The human zombie is heavily damaged.
You constrict the human zombie. The human zombie hits you.
* * * LOW HITPOINT WARNING * * *
Unknown command.
You tentacle-slap the human zombie.
The human zombie is severely damaged.
You constrict the human zombie.
Unknown command.
You tentacle-slap the human zombie. You squeeze the human zombie.
The human zombie is severely damaged.
You constrict the human zombie. The human zombie hits you.
* * * LOW HITPOINT WARNING * * *
Unknown command.
You completely miss the human zombie.
The human zombie is severely damaged.
You constrict the human zombie. The human zombie hits you.
You die...
Your body crumbles into a pile of gold.

##### #..?# #..?#
##.## ###+### #@#
##.....## ##.Z.#
##.......###^.###
#.........#...+
+....⌠....'...#
#.........#...+
##^......###..#
##.....## ##.+
###'### #.#


You could see a human zombie.

Vanquished Creatures
  A water moccasin skeleton (D:4)
  2 iguanas (D:4)
  Ijyb (D:4)
  A mummy (Ossuary)
  8 gnolls
  An adder (D:2)
  2 worms
  3 dart slugs (D:1)
  11 orcs (D:3)
  7 ball pythons
  3 bats
  7 endoplasms
  2 giant cockroaches (D:2)
  3 goblins
  9 hobgoblins
  2 jackals (D:4)
  4 quokkas
  4 frilled lizards
  9 kobolds
  6 rats
86 creatures vanquished.

Vanquished Creatures (others)
  A fungus (D:2)
  4 plants (D:2)
5 creatures vanquished.

Grand Total: 91 creatures vanquished

Notes
Turn   | Place    | Note
-------+----------+-------------------------------------------
     0 | D:1      | Zeld the Octopode Transmuter began the quest for the Orb.
     0 | D:1      | Reached XP level 1. HP: 13/13 MP: 3/3
   448 | D:1      | Reached XP level 2. HP: 10/18 MP: 3/5
   451 | D:1      | Learned a level 2 spell: Wereblood
   601 | D:1      | You fall into a shaft and drop 1 floor!
   672 | D:2      | Reached skill level 1 in Stealth
   721 | D:2      | Reached XP level 3. HP: 23/23 MP: 4/6
   729 | D:2      | Learned a level 3 spell: Spider Form
   896 | D:2      | Reached XP level 4. HP: 13/28 MP: 3/8
  1149 | D:2      | Found a faded altar of an unknown god.
  2477 | D:1      | Reached XP level 5. HP: 34/34 MP: 7/9
  3757 | D:3      | Learned a level 4 spell: Ice Form
  3830 | D:3      | Found an opulent altar of Gozag.
  3834 | D:3      | Found Gozag's Platinum Reserve.
  3838 | D:3      | Became a worshipper of Gozag Ym Sagoz the Greedy
  4519 | D:4      | Noticed Duvessa
  4522 | D:4      | Noticed Dowan
  4538 | D:5      | Entered Level 5 of the Dungeon
  4538 | D:5      | Noticed a phantom
  4605 | D:4      | Reached XP level 6. HP: 31/39 MP: 5/11
  4620 | D:4      | Noticed Ijyb
  4625 | D:4      | Paralysed by Ijyb for 4 turns
  4640 | D:4      | Killed Ijyb
  4670 | D:4      | Found a sand-covered staircase.
  4687 | Ossuary  | Entered an ossuary
  5282 | Ossuary  | HP: 2/40 [human zombie (1)]
  5283 | Ossuary  | Slain by a human zombie

Illustrated notes

Levels and vault maps discovered:
D:1:      amcnicky_arrival_flooded_fountain, layout_basic, dk_noncrumbling_4
D:2:      layout_basic, shapermc_ecumenical_altar_mp_urbaneastern,
          minmay_splitting_lines, kennysheep_generic_room_12
D:3:      layout_basic, nicolae_gozag_zags_fifth_avenue, grunt_ministairs_8
D:4:      layout_cave_pods, enter_ossuary_3, uniq_natasha, uniq_duvessa,
          uniq_ijyb
D:5:      layout_rooms, serial_aquarium, aquarium_bridge_straight
          [aquarium_subvault_bridge, aquarium_subvault_window,
          aquarium_subvault_bridge, aquarium_subvault_window],
          aquarium_window_fake, aquarium_window_1, aquarium_view_2c,
          aquarium_view_2c, aquarium_pool_side
Ossuary:  ossuary_crypta

Skill      XL: |  1  2  3  4  5 |
---------------+----------------+-----
Stealth        | 1 2 3 |  3.3
Transmutations | 3 |  3.8
Spellcasting   | 3 |  3.7
Fighting       | 2 |  2.3
Dodging        | 3 |  3.1
Unarmed Combat | |  3.0

Action                   |  1- 3 |  4- 6 || total
-------------------------+-------+-------++-------
Melee: Unarmed           |    41 |   166 ||   207
       Constrict         |    14 |    35 ||    49
       Kick              |     9 |    33 ||    42
       Tentacles         |     7 |    22 ||    29
       Punch             |     2 |     2 ||     4
 Cast: Beastly Appendage |     9 |    32 ||    41
       Spider Form       |     1 |     6 ||     7
       Ice Form          |       |     1 ||     1
 Stab: Sleeping          |     4 |     8 ||    12
Armor: Skin              |     2 |    15 ||    17
Dodge: Dodged            |    19 |   139 ||   158
